 Dungeon Crawl Stone Soup version 0.28-a0-1524-ge72afd5fc6 (webtiles) character file.

Game seed: 10926887024751050622

39 Shayle the Gusty (level 3, 0/24 HPs)
             Began as a Vampire Air Elementalist on Jan 17, 2022.
             Succumbed to an adder's poison
             ... on level 2 of the Dungeon.
             The game lasted 00:04:44 (1329 turns).

Shayle the Gusty (Vampire Air Elementalist)         Turns: 1329, Time: 00:04:45

Health: 0/24       AC:  2    Str:  7    XL:     3   Next: 26%
Magic:  2/6        EV: 12    Int: 19    God:
Gold:   28         SH:  0    Dex: 14    Spells: 3/6 levels left

rFire   . . .      SeeInvis +   c - +2 whip (elec)
rCold   . . .      Faith    .   (no shield)
rNeg    . . .      Spirit   .   a - +0 robe
rPois   .          Reflect  .   (no helmet)
rElec   .          Harm     .   (no cloak)
rCorr   .          Rampage  .   (no gloves)
Will    .....                   (no boots)
Stlth   ++........              (no amulet)
HPRegen 0.28/turn               (no ring)
MPRegen 0.10/turn               (no ring)

@: lethally poisoned (0 -> -2), healing quickly
A: alive, fangs 3, see invisible, vampiric 2
a: Exsanguinate


You were on level 2 of the Dungeon.
You visited 1 branch of the dungeon, and saw 2 of its levels.

You collected 52 gold pieces.
You spent 24 gold pieces at shops.

Inventory:

Hand Weapons
 b - a +1 short sword of venom
 c - a +2 whip of electrocution (weapon)
 g - a +1 vorpal long sword
Armour
 a - a +0 robe (worn)
Scrolls
 e - 2 scrolls of fog {unknown}
 f - a scroll of teleportation {unknown}
 h - a scroll of identify
 i - a scroll of fear {unknown}


   Skills:
 - Level 2.1 Dodging
 - Level 3.0 Stealth
 - Level 2.0 Spellcasting
 + Level 1.7 Conjurations
 + Level 3.7 Air Magic


You had 3 spell levels left.
You knew the following spells:

 Your Spells              Type           Power      Damage    Failure   Level
a - Shock                 Conj/Air       48%        1d6       5%          1
b - Static Discharge      Conj/Air       12%        N/A       9%          2

Your spell library contained the following spells:

 Spells                   Type           Power      Damage    Failure   Level
 Swiftness                Air            16%        N/A       11%         3
 Ensorcelled Hibernation  Hex/Ice        2%         N/A       26%         2
 Passwall                 Tmut/Erth      0%         N/A       26%         2
 Airstrike                Air            8%         N/A       34%         4


Dungeon Overview and Level Annotations

Branches:
Dungeon (2/15)

Altars:

Shops:
D:2 ?


Innate Abilities, Weirdness & Mutations

Your natural rate of healing is accelerated.
You have razor-sharp teeth.
You have supernaturally acute eyesight. (SInv)
You are afflicted with vampirism and can become a bat while bloodless.


Message History

The adder bites you but does no damage. The adder bites you.
You are more poisoned.
The adder poisons you!
Unknown command.
It was a potion of heal wounds.
You feel much better.
You feel sick. The adder barely misses you.
You aren't carrying any items that you can evoke.
Unknown command.
You hear the crackle of electricity.
c - a +2 whip of electrocution (weapon)
You feel sick. The adder closely misses you.
You closely miss the adder. You bite the adder.
The adder is almost dead.
You feel sick. The adder bites you.
You are more poisoned.
The adder poisons you!
You closely miss the adder. Your bite misses the adder.
The adder is almost dead.
You feel very sick. The adder bites you.
A rat comes into view.
You miss the adder. Your punch misses the adder. Your bite misses the adder.
The adder is almost dead.
You feel very sick. The adder barely misses you. The adder misses you.
You miss the adder.
The adder is almost dead.
You feel sick. The adder bites you.
* * * LOW HITPOINT WARNING * * *
You closely miss the adder.
The adder is almost dead.
You feel sick. The adder closely misses you. The adder bites you.
* * * LOW HITPOINT WARNING * * *
* * * LOW HITPOINT WARNING * * *
You feel sick.
* * * LOW HITPOINT WARNING * * *
You feel sick.
* * * LOW HITPOINT WARNING * * *
You feel sick. The adder misses you.
You die...

#..) .... #. #..#
#..##. #.#.# #..# #..#
.####.... #..# #..
.......# #..# #.#
..##... #.r#####.##
#.##...
#..##.....###.#.##.##
##.##...........##..# .
#.r.S.@...##.#.###.# #.
#.##............##.##.#
#.##.....>.......#.#.#
#.#####.#.##.####....#
#.# #.#.##.######''##
#.# #.#.##.#.'..<..∩.
#.# #.#.##...########
#.# .# ##### #..## #.#
##.##


You could see an adder and a rat.

Vanquished Creatures
  An adder (D:2)
  A bat (D:1)
  4 endoplasms (D:1)
  A goblin (D:1)
  4 hobgoblins
  3 quokkas
  4 ball pythons (D:1)
  4 frilled lizards (D:1)
  4 kobolds (D:1)
  A rat (D:1)
27 creatures vanquished.

Notes
Turn   | Place    | Note
-------+----------+-------------------------------------------
     0 | D:1      | Shayle the Vampire Air Elementalist began the quest for the
                  | Orb.
     0 | D:1      | Reached XP level 1. HP: 13/13 MP: 3/3
   206 | D:1      | Reached skill level 1 in Conjurations
   270 | D:1      | Reached XP level 2. HP: 14/19 MP: 3/5
   643 | D:1      | Learned a level 2 spell: Static Discharge
   929 | D:1      | Found a faded altar of an unknown god.
  1108 | D:2      | Found Akhlutoho's Magic Scroll Emporium.
  1199 | D:2      | Bought a scroll of identify for 24 gold pieces
  1214 | D:2      | Gained mutation: You are afflicted with vampirism and can
                  | become a bat while bloodless. [Vampire growth]
  1214 | D:2      | Reached XP level 3. HP: 13/24 MP: 6/6
  1327 | D:2      | HP: 1/24 [poisoned by an adder]
  1329 | D:2      | Succumbed to an adder's poison

Illustrated notes

Levels and vault maps discovered:
D:1:      saegor_arrival_fortress, layout_rooms,
          shapermc_ecumenical_altar_pompeii, supply_closet_lemuel
D:2:      layout_loops_ring, serial_shops, nicolae_shop_hallway_plus,
          nicolae_shop_trees, nicolae_shop_hallway_stairs

Skill      XL: |  1 |
---------------+----+-----
Conjurations   | 1 |  1.7
Dodging        | |  2.1
Stealth        | |  3.0
Spellcasting   | |  2.0
Air Magic      | |  3.7

Action                   || total
-------------------------++-------
Melee: Whip              ||    31
       Bite              ||     4
       Long sword        ||     6
 Cast: Shock             ||    33
  Use: Potion            ||     1
 Stab: Sleeping          ||     1
Armor: Robe              ||    14
Dodge: Dodged            ||    44

Table legend: (Time is in decaauts)
 A = Elapsed time spent in this place.
 B = Non-inter-level travel time spent in this place.
 C = Inter-level travel time spent in this place.
 D = Time resting spent in this place.
 E = Time spent auto-exploring this place.
 F = Levels seen in this place.
 G = Mean time per level.
                   A        B        C        D        E       F      G
               +--------+--------+--------+--------+--------+-----+--------+
         Total |   1334 |   1319 |     15 |    335 |    679 |   2 |  667.0 |
       Dungeon |   1334 |   1319 |     15 |    335 |    679 |   2 |  667.0 |
               +--------+--------+--------+--------+--------+-----+--------+

Top non-repeatable levels by time:
     D:1: 1204 daAuts
     D:2: 129 daAuts
